 Dungeon Crawl Stone Soup version 0.25.1-2-g60ff931df9 (webtiles) character file.

Game seed: 7759355760327677016

21188 Impeuri the Destroyer (level 12, -5/66 HPs)
             Began as a Gargoyle Fire Elementalist on Aug 24, 2020.
             Was a High Priest of Vehumet.
             Killed from afar by a molten gargoyle (19 damage)
             ... with a bolt of magma
             ... in a volcano.
             The game lasted 00:52:09 (16023 turns).

Impeuri the Destroyer (Gargoyle Fire Elementalist) Turns: 16023, Time: 00:52:10

Health: -5/66      AC: 17    Str: 13    XL:     12   Next: 87%
Magic:  30/30      EV: 11    Int: 23    God:    Vehumet [*****.]
Gold:   304        SH:  0    Dex: 10    Spells: 2/23 levels left

rFire    + + .     SeeInvis +   a - +4 quarterstaff (chaos)
rCold    + + .     Gourm    .   (shield currently unavailable)
rNeg     + . .     Faith    .   B - +0 troll leather armour
rPois    ∞         Spirit   .   J - +1 helmet {Int+3}
rElec    +         Reflect  .   K - scarf {rC+ rF+}
rCorr    +         Harm     .   H - +0 pair of gloves
MR       .....                  y - +0 pair of boots
Stlth    ++........             (no amulet)
HPRegen  0.61/turn              I - ring of magical power
MPRegen  0.22/turn              s - ring of see invisible

@: resistant, very slightly contaminated
A: blink, negative energy resistance 1, electricity resistance, unbreathing,
evolution 1, petrification resistance, rot immunity, AC +8
a: Blink, Renounce Religion


You were in a volcano.
You worshipped Vehumet.
Vehumet was extremely pleased with you.
You were hungry.

You visited 2 branches of the dungeon, and saw 15 of its levels.
You also visited: Ossuary and Volcano.

You collected 828 gold pieces.
You spent 524 gold pieces at shops.

Inventory:

Hand Weapons
 a - a +4 quarterstaff of chaos (weapon)
Armour
 y - a +0 pair of boots (worn)
 A - a +2 cloak of stealth
 B - a +0 troll leather armour (worn)
 D - a +1 buckler of positive energy
 H - a +0 pair of gloves (worn)
 J - a +1 helmet of intelligence (worn)
 K - a scarf of resistance (worn)
Magical Staves
 b - an uncursed staff of fire
Jewellery
 m - an uncursed ring of protection from cold
 s - a ring of see invisible (right hand)
 w - an uncursed ring of stealth
 I - a ring of magical power (left hand)
Wands
 j - a wand of digging (4)
 o - a wand of iceblast (14)
 u - a wand of polymorph (18)
 v - a wand of acid (32)
 E - a wand of random effects (10)
 L - a wand of clouds (3)
 M - a wand of disintegration (15)
 O - a wand of flame (10)
Scrolls
 d - 4 scrolls of teleportation
 e - 4 scrolls of enchant weapon
 g - 6 scrolls of identify
 i - 4 scrolls of magic mapping
 l - 4 scrolls of amnesia
 x - 3 scrolls of fear
 F - a scroll of enchant armour
 N - 2 scrolls of remove curse
Potions
 f - 3 potions of brilliance
 p - 12 potions of curing
 q - 2 potions of flight
 r - a potion of might
 z - a potion of mutation
 C - a potion of stabbing
 G - a potion of haste
Miscellaneous
 P - a box of beasts
Comestibles
 c - 23 rations
 Q - 6 chunks of flesh


   Skills:
 - Level 4.0 Fighting
 * Level 8.5 Staves
 - Level 3.5 Armour
 - Level 1.5 Dodging
 - Level 2.1 Stealth
 + Level 3.2 Shields
 - Level 6.4 Spellcasting
 - Level 11.4 Conjurations
 - Level 2.0 Transmutations
 + Level 10.6 Fire Magic
 + Level 6.3 Earth Magic
 - Level 2.3 Poison Magic
 + Level 5.3 Evocations


You had 2 spell levels left.
You knew the following spells:

 Your Spells              Type           Power        Failure   Level  Hunger
a - Foxfire               Conj/Fire      ####         1%          1    None
b - Conjure Flame         Conj/Fire      ######..     1%          3    #......
c - Sticky Flame          Conj/Fire      ######..     1%          4    ###....
d - Ignite Poison         Fire/Tmut/Pois ####....     1%          3    #......
e - Fireball              Conj/Fire      ######....   1%          5    #####..
f - Bolt of Magma         Conj/Fire/Erth ######....   1%          5    #####..

Your spell library contained the following spells:

 Spells                   Type           Power        Failure   Level  Hunger
 Iron Shot                Conj/Erth      #####.....   11%         6    ######.
 Sandblast                Erth           #####.       1%          1    None
 Passwall                 Tmut/Erth      ####....     2%          2    None
 Animate Skeleton         Necr           N/A          10%         1    None
 Apportation              Tloc           #.....       10%         1    None
 Corona                   Hex            #......      10%         1    None
 Summon Butterflies       Summ           #.......     10%         1    None
 Summon Small Mammal      Summ           #...         10%         1    None
 Slow                     Hex            #.......     16%         2    None
 Inner Flame              Hex/Fire       ####....     1%          3    #......
 Stone Arrow              Conj/Erth      #####.       1%          3    #......
 Lee's Rapid Deconstruct  Erth           #####.....   5%          5    #####..
 Petrify                  Tmut/Erth      ####....     19%         4    ###....
 Leda's Liquefaction      Hex/Erth       ###.......   26%         4    ###....
 Lesser Beckoning         Tloc           #.........   30%         3    #......
 Portal Projectile        Hex/Tloc       #.....       30%         3    #......
 Tukima's Dance           Hex            #.......     30%         3    #......
 Cause Fear               Hex            #.........   69%         4    ###....
 Alistair's Intoxication  Tmut/Pois      ###.....     75%         5    #####..
 Invisibility             Hex            #.......     100%        6    ######.


Dungeon Overview and Level Annotations

Branches:
Dungeon (14/15)            Temple (0/1) D:7            Lair (1/6) D:11
    Orc (0/2) D:11        Ossuary (visited)         Volcano (1/1)
 Vaults: D:13-14

Altars:
Elyvilon
Fedhas
Gozag
Hepliaklqana
Uskayaw
Vehumet
Xom
Beogh

Shops:
D:4 *   D:7 [![?[   D:11 ?


Innate Abilities, Weirdness & Mutations

You are resistant to torment.
Your stone body is resilient. (AC +8)
You are immune to poison.
You resist negative energy. (rN+)
You are resistant to electric shocks. (rElec)
You can survive without breathing.
You are immune to petrification.
You are immune to rotting.
You can translocate small distances at will.
You evolve.


Message History

Evoke which item? (* to show all) (? for menu, Esc to quit)
Aiming: Corrosive Bolt
Press: ? - help, Shift-Dir - straight line, f/p - earth elemental
Aim: an earth elemental (heavily damaged)
The bolt of acid hits the molten gargoyle.
The molten gargoyle is splashed with acid.
The acid corrodes the molten gargoyle!
The molten gargoyle is moderately damaged.
The bolt of acid hits the earth elemental.
The earth elemental is splashed with acid.
The earth elemental is severely damaged.
The molten gargoyle hits you but does no damage.
You feel better.
The molten gargoyle blasts magma at you!
The bolt of magma hits you. You partially resist.
* * * LOW HITPOINT WARNING * * *
You feel better.
The molten gargoyle blasts magma at you!
The bolt of magma hits you!! You partially resist.
You die...

#########
##§≈≈≈≈≈°##
#≈§§≈≈≈.≈°#
##.........##
#@..E...∩...#
##9E.☼○☼...##
##..###○°##
##'###☼##
##≈°.. #☼v≈°.
#☼≈≈≈..
≈≈☼≈.°##
##≈≈..##


You could see an earth elemental, a fire elemental, a molten gargoyle (corroded)
and a fire vortex.

Vanquished Creatures
  3 two-headed ogres
  The ghost of DildoBatman the Blocker, a novice FoWz of Kikubaaqudgha (D:8)
  Urug (D:12)
  2 tengu warriors (D:14)
  A manticore (D:14)
  2 orc sorcerers (D:10)
  An ugly thing (D:12)
  A spiny frog (Lair:1)
  A centaur skeleton (D:14)
  A gargoyle (D:11)
  2 kobold demonologists
  A troll (D:12)
  2 hornets (D:11)
  5 hippogriffs
  Sigmund (D:4)
  14 yaks
  3 fire bats (Lair:1)
  A wyvern (D:11)
  A basilisk (D:12)
  2 fire elementals (Volcano)
  Eustachio (D:4)
  3 hungry ghosts
  Grum (D:10)
  4 wargs
  5 water moccasins
  10 orc warriors
  An ice beast (D:11)
  A sky beast (D:11)
  A black bear (D:11)
  A phantom (D:10)
  7 ogres
  4 wolves (D:10)
  8 centaurs
  3 crocodiles (Lair:1)
  3 big kobolds
  2 gnoll sergeants (D:8)
  2 wyvern zombies
  8 bullfrogs
  4 scorpions
  15 killer bees
  4 wights (D:9)
  3 crimson imps
  3 quasits
  4 centaur zombies
  A jelly (D:5)
  3 gnoll shamans (D:7)
  6 hounds
  8 orc priests
  Crazy Yiuf (D:2)
  9 orc wizards
  Ijyb (D:3)
  6 iguanas
  9 worker ants
  A killer bee zombie (D:7)
  A big kobold zombie (Ossuary)
  Robin (D:2)
  3 hound skeletons
  3 mummies (Ossuary)
  A howler monkey skeleton (D:4)
  22 gnolls
  11 adders
  3 shadow imps
  An adder zombie (Ossuary)
  3 worms
  3 dart slugs
  10 leopard geckos
  52 orcs
  5 giant cockroaches
  29 goblins
  9 hobgoblins
  3 jackals (D:3)
  8 quokkas
  A ball python (D:4)
  8 bats
  7 frilled lizards
  4 goblin zombies (Ossuary)
  2 hobgoblin zombies (Ossuary)
  12 kobolds
  A leopard gecko skeleton (D:6)
  A quokka skeleton (D:4)
  6 quokka zombies (Ossuary)
  4 rats
  4 rat zombies (Ossuary)
  2 plants (D:7)
409 creatures vanquished.

Vanquished Creatures (others)
  543 foxfires
  5 fungi (D:7)
548 creatures vanquished.

Grand Total: 957 creatures vanquished

Notes
Turn   | Place    | Note
-------+----------+-------------------------------------------
     0 | D:1      | Impeuri the Gargoyle Fire Elementalist began the quest for
                  | the Orb.
     0 | D:1      | Reached XP level 1. HP: 10/10 MP: 3/3
   199 | D:1      | Reached XP level 2. HP: 15/15 MP: 5/5
   494 | D:1      | Reached skill level 2 in Conjurations
   709 | D:2      | Reached XP level 3. HP: 19/19 MP: 6/6
   714 | D:2      | Learned a level 3 spell: Conjure Flame
   868 | D:2      | Noticed Robin
   884 | D:2      | Killed Robin
   884 | D:2      | Reached XP level 4. HP: 17/24 MP: 1/7
  1452 | D:2      | Learned a level 4 spell: Sticky Flame
  1536 | D:2      | Found a radiant altar of Vehumet.
  1539 | D:2      | Became a worshipper of Vehumet
  1620 | D:2      | Found a runed translucent door.
  1621 | D:2      | Noticed Crazy Yiuf
  1641 | D:2      | Killed Crazy Yiuf
  1641 | D:2      | Reached skill level 3 in Conjurations
  2126 | D:3      | Reached XP level 5. HP: 28/28 MP: 9/9
  2498 | D:3      | Noticed Ijyb
  2502 | D:3      | Reached * piety under Vehumet
  2502 | D:3      | Offered knowledge of Magic Dart by Vehumet.
  2516 | D:3      | Killed Ijyb
  3196 | D:4      | Reached skill level 4 in Conjurations
  3196 | D:4      | Reached XP level 6. HP: 13/32 MP: 10/10
  3523 | D:4      | Reached skill level 5 in Fire Magic
  3584 | D:4      | Noticed Sigmund
  3601 | D:4      | Killed Sigmund
  3601 | D:4      | Reached skill level 5 in Conjurations
  3601 | D:4      | Reached XP level 7. HP: 36/36 MP: 11/12
  3752 | D:4      | Found Toempai's Assorted Antiques.
  3792 | D:4      | Offered knowledge of Searing Ray by Vehumet.
  3827 | D:4      | Reached ** piety under Vehumet
  3835 | D:4      | Noticed Eustachio
  3850 | D:4      | Killed Eustachio
  4149 | D:5      | Entered Level 5 of the Dungeon
  4219 | D:5      | Reached skill level 6 in Conjurations
  4235 | D:5      | Found a sand-covered staircase.
  4240 | Ossuary  | Entered an ossuary
  4243 | Ossuary  | Reached XP level 8. HP: 16/41 MP: 14/14
  4498 | Ossuary  | Offered knowledge of Ignite Poison by Vehumet.
  4510 | Ossuary  | Learned a level 3 spell: Ignite Poison
  4728 | D:5      | Found a white marble altar of Elyvilon.
  4998 | D:5      | Reached *** piety under Vehumet
  5416 | D:6      | Reached skill level 7 in Conjurations
  5692 | D:6      | Offered knowledge of Iskenderun's Mystic Blast by Vehumet.
  5786 | D:6      | Reached XP level 9. HP: 18/45 MP: 11/16
  6023 | D:6      | Reached skill level 1 in Transmutations
  6023 | D:6      | Reached skill level 1 in Poison Magic
  6175 | D:6      | Found a shimmering altar of Xom.
  6265 | D:7      | Found a blossoming altar of Fedhas.
  6266 | D:7      | Found Rirchimo's Distillery.
  6284 | D:7      | Found Zydirelegu's Antique Armour Emporium.
  6289 | D:7      | Reached skill level 8 in Conjurations
  6290 | D:7      | Reached skill level 5 in Spellcasting
  6299 | D:7      | Got a slimy leather armour
  6300 | D:7      | Identified the +1 leather armour "Bepudiruxt" {rC+ Dex+4}
                  | (You found it on level 7 of the Dungeon)
  6354 | D:7      | Bought a potion of curing for 45 gold pieces
  6354 | D:7      | Bought a potion of degeneration for 15 gold pieces
  6450 | D:7      | Reached **** piety under Vehumet
  6499 | D:7      | Found a staircase to the Ecumenical Temple.
  6550 | D:7      | Found Fecis's Armour Shop.
  6648 | D:7      | Found Dutip's Armour Shoppe.
  6707 | D:7      | Offered knowledge of Static Discharge by Vehumet.
  7110 | D:7      | Found a hazy altar of Hepliaklqana.
  7138 | D:7      | Found Lyuseqac's Magic Scroll Shop.
  7248 | D:7      | Reached skill level 9 in Conjurations
  7471 | D:7      | Reached XP level 10. HP: 49/50 MP: 18/18
  7805 | D:8      | Noticed a two-headed ogre
  7815 | D:8      | Killed a two-headed ogre
  7815 | D:8      | Reached skill level 1 in Fighting
  7815 | D:8      | Reached skill level 1 in Armour
  7815 | D:8      | Reached skill level 10 in Conjurations
  8140 | D:8      | Noticed a two-headed ogre
  8146 | D:8      | Killed a two-headed ogre
  8244 | D:8      | Found a runed translucent gate.
  8245 | D:8      | Found a runed translucent gate.
  8246 | D:8      | Found a runed translucent gate.
  8247 | D:8      | Noticed DildoBatman's ghost (novice FoWz)
  8251 | D:8      | Identified the +1 chain mail of Curiosity {rF+++ rC+ Str-5}
  8253 | D:8      | Found a roughly hewn altar of Beogh.
  8493 | D:8      | Reached skill level 1 in Staves
  8611 | D:8      | Found an opulent altar of Gozag.
  8857 | D:8      | Reached skill level 1 in Evocations
  9015 | D:8      | Learned a level 5 spell: Fireball
  9288 | D:4      | Bought a runed helmet for 232 gold pieces
  9478 | D:8      | Reached ***** piety under Vehumet
  9485 | D:8      | Killed DildoBatman's ghost
  9485 | D:8      | Reached XP level 11. HP: 60/60 MP: 17/20
  9486 | D:8      | Offered knowledge of Bolt of Magma by Vehumet.
  9665 | D:9      | Reached skill level 11 in Conjurations
  9702 | D:9      | Learned a level 5 spell: Bolt of Magma
 10106 | D:9      | Found a hide-covered altar of Uskayaw.
 10917 | D:10     | Entered Level 10 of the Dungeon
 10978 | D:10     | Noticed Grum
 10981 | D:10     | Reached skill level 1 in Earth Magic
 10998 | D:10     | Killed Grum
 11283 | D:10     | Noticed an orc sorcerer
 11287 | D:10     | Killed an orc sorcerer
 11761 | D:10     | Noticed an orc sorcerer
 11765 | D:10     | Killed an orc sorcerer
 11936 | D:11     | Reached skill level 5 in Staves
 12057 | D:11     | Found Unan's Magic Scroll Shop.
 12380 | D:11     | Found a staircase to the Lair.
 12426 | D:11     | Found a staircase to the Orcish Mines.
 12767 | D:11     | Noticed a sun demon
 12800 | D:11     | Gained mutation: You are dopey. (Int -2) [potion of
                  | mutation]
 12800 | D:11     | Gained mutation: Your body sometimes deteriorates upon
                  | taking damage. [potion of mutation]
 12800 | D:11     | Gained mutation: You possess an exceptional clarity of
                  | mind. [potion of mutation]
 12800 | D:11     | Gained mutation: You have very sharp teeth. [potion of
                  | mutation]
 12801 | D:11     | Lost mutation: Your body sometimes deteriorates upon taking
                  | damage. [potion of mutation]
 12801 | D:11     | Lost mutation: You are dopey. (Int -2) [potion of mutation]
 12801 | D:11     | Lost mutation: You possess an exceptional clarity of mind.
                  | [potion of mutation]
 12801 | D:11     | Gained mutation: You have large cloven feet. [potion of
                  | mutation]
 12801 | D:11     | Gained mutation: You tend to lose your temper in combat.
                  | [potion of mutation]
 12801 | D:11     | Gained mutation: You are robust. (+10% HP) [potion of
                  | mutation]
 12802 | D:11     | Lost mutation: You are robust. (+10% HP) [potion of
                  | mutation]
 12802 | D:11     | Lost mutation: You have large cloven feet. [potion of
                  | mutation]
 12802 | D:11     | Lost mutation: You tend to lose your temper in combat.
                  | [potion of mutation]
 12802 | D:11     | Gained mutation: You have sharp toenails. [potion of
                  | mutation]
 12802 | D:11     | Gained mutation: You occasionally shout uncontrollably at
                  | your foes. [potion of mutation]
 12802 | D:11     | Gained mutation: You can translocate small distances at
                  | will. [potion of mutation]
 12803 | D:11     | Lost mutation: You have sharp toenails. [potion of
                  | mutation]
 12803 | D:11     | Lost mutation: You occasionally shout uncontrollably at
                  | your foes. [potion of mutation]
 12803 | D:11     | Lost mutation: You have very sharp teeth. [potion of
                  | mutation]
 12803 | D:11     | Gained mutation: You evolve. [potion of mutation]
 13148 | D:11     | Reached XP level 12. HP: 66/66 MP: 21/21
 13469 | D:12     | Noticed Urug
 13477 | D:12     | Killed Urug
 13477 | D:12     | Reached skill level 10 in Fire Magic
 13920 | D:12     | You fall into a shaft and drop 2 floors!
 13921 | D:14     | Noticed a tengu warrior
 13921 | D:14     | Noticed a tengu warrior
 13930 | D:14     | Killed a tengu warrior
 13930 | D:14     | Killed a tengu warrior
 13930 | D:14     | Reached skill level 5 in Earth Magic
 14287 | D:14     | Reached skill level 1 in Shields
 14487 | D:12     | Offered knowledge of Iron Shot by Vehumet.
 14898 | D:12     | Noticed a two-headed ogre
 14902 | D:12     | Killed a two-headed ogre
 14958 | D:12     | Reached skill level 5 in Evocations
 15567 | D:4      | Bought a glowing cloak for 232 gold pieces
 15794 | Lair:1   | Entered Level 1 of the Lair of Beasts
 15948 | Lair:1   | Found a dark tunnel.
 15990 | Volcano  | Entered a volcano
 16023 | Volcano  | Killed from afar by a molten gargoyle

Illustrated notes

Levels and vault maps discovered:
D:1:      dpeg_arrival_another_circle, layout_basic
D:2:      layout_basic, lemuel_doored_altar, uniq_robin, uniq_crazy_yiuf_cottage
D:3:      kennysheep_the_goblin_king, layout_basic, first_ration
D:4:      layout_loops_cross, serial_shops, nicolae_shop_overgrown_old_shop,
          uniq_sigmund, uniq_eustachio
D:5:      layout_cave_pods, nicolae_overflow_hidden_temple, enter_ossuary_5
D:6:      layout_rooms, lemuel_coloured_pillars_altar, minivault_22
D:7:      kennysheep_seaside_town, layout_cave_pods, kennysheep_mini_moat,
          minmay_temple_entry_arrows, serial_shops, shop,
          nicolae_shop_behind_doors, shop, nicolae_shop_waterfront, shop,
          fedhas_altar_1
D:8:      layout_rooms, lemuel_round_altar, biasface_ghost_orc_armoury,
          moated_statue
D:9:      layout_loops_ring, eat_drink_and_be_merry_uskayaw
D:10:     cheibrodos_wizards_tower, layout_long_grid, uniq_grum
D:11:     layout_long_grid, erik_lair_orcish_takeover, orc_0_dummy,
          serial_shops, nicolae_shop_stone
D:12:     layout_roguey, uniq_urug
D:13:     layout_long_grid, hangedman_vaults_entry_quadrant_bands, uniq_frances
D:14:     layout_roguey
Lair:1:   layout_cave_shapes, nicolae_volcano_entry_batcave,
          guppyfry_lair_drakes, grunt_megastairs_1
Volcano:  volcano_aerie

Skill      XL: |  1  2  3  4  5  6  7  8  9 10 11 12 |
---------------+-------------------------------------+-----
Conjurations   | 2 3 4 5 6 7 9 10 11 | 11.4
Fire Magic     | 4 5 6 7 8 9 10 | 10.6
Spellcasting   | 3 4 5 6 |  6.4
Transmutations | 2 |  2.0
Poison Magic   | 2 |  2.3
Fighting       | 3 4 |  4.0
Armour         | 3 |  3.5
Staves         | 2 6 8 |  8.5
Evocations     | 1 3 5 |  5.3
Earth Magic    | 4 6 |  6.3
Shields        | 3 |  3.2
Dodging        | |  1.5
Stealth        | |  2.1

Action                   |  1- 3 |  4- 6 |  7- 9 | 10-12 || total
-------------------------+-------+-------+-------+-------++-------
Melee: Unarmed           |     4 |       |       |       ||     4
       Dagger            |     8 |     5 |       |       ||    13
       Quarterstaff      |       |    55 |   121 |    48 ||   224
       War axe           |       |       |    79 |    57 ||   136
       Staff             |       |       |       |   552 ||   552
 Cast: Foxfire           |    54 |    96 |   143 |    38 ||   331
       Sticky Flame      |       |       |    18 |    65 ||    83
       Fireball          |       |       |       |    10 ||    10
       Ignite Poison     |       |       |       |     1 ||     1
       Bolt of Magma     |       |       |       |    36 ||    36
Evoke: Wand              |       |       |       |    12 ||    12
  Use: Potion            |       |     1 |     2 |    19 ||    22
       Scroll            |       |       |    10 |     7 ||    17
 Stab: Sleeping          |       |     5 |     6 |    10 ||    21
       Petrified         |       |       |     3 |       ||     3
       Paralysed         |       |       |       |     2 ||     2
  Eat: Chunk             |       |     9 |     9 |    36 ||    54
       Ration            |       |       |     2 |     3 ||     5
Armor: Robe              |    11 |    24 |     7 |       ||    42
       Leather armour    |       |       |   183 |   325 ||   508
       Troll leather arm |       |       |       |   120 ||   120
Dodge: Dodged            |    18 |    35 |   209 |   465 ||   727
